 Dungeon Crawl Stone Soup version 0.32-a0-128-g77eb882913 (webtiles) character file.

Game seed: 14197731327641893907

79 Ge0ff the Poker (level 4, -1/33 HPs)
             Began as a Mummy Reaver on Feb 8, 2024.
             Slain by a gnoll
             ... wielding a +0 whip
              (7 damage)
             ... on level 2 of the Dungeon.
             The game lasted 00:03:16 (1723 turns).

Ge0ff the Poker (Mummy Reaver)                      Turns: 1723, Time: 00:03:17

Health: -1/33      AC:  7    Str: 17    XL:     4   Next: 17%
Magic:  7/8        EV:  9    Int: 12    God:
Gold:   71         SH:  0    Dex: 10    Spells: 7/8 levels left

rFire   . . .        a - +0 spear
rCold   + . .        (no shield)
rNeg    + + +        j - +0 scale mail
rPois   ∞            l - +0 helmet
rElec   .            (no cloak)
rCorr   .            (no gloves)
SInv    .            (no boots)
Will    .....        (no amulet) Stlth
                     h - ring of protection from fire {=R}
HPRegen 0.25/turn    (no ring)
MPRegen 0.11/turn

%: faith
@: very slightly contaminated
A: cold resistance 1, negative energy resistance 3, torment resistance 2, heat
vulnerability 1, in touch with death 1, no potions, faith
a: no special abilities


You were on level 2 of the Dungeon.
You visited 1 branch of the dungeon, and saw 2 of its levels.

You collected 71 gold pieces.

Inventory:

Hand Weapons
 a - a +0 spear (weapon)
Missiles
 f - 21 stones (quivered)
 g - 2 boomerangs
Armour
 b - a +0 leather armour
 j - a +0 scale mail (worn)
 l - a +0 helmet (worn)
Jewellery
 h - a ring of protection from fire (left hand) {=R}
 k - a ring of fire
Scrolls
 B - a scroll of blinking


   Skills:
 + Level 2.1 Fighting
 * Level 4.1 Polearms
 - Level 1.5 Dodging
 - Level 2.6 Spellcasting
 - Level 2.4 Conjurations


You had 7 spell levels left.
You knew the following spells:

 Your Spells              Type           Power      Damage    Failure   Level
E - Kiss of Death         Conj/Necr      24%        2d7       50%         1

Your spell library contained the following spells:

 Spells                   Type           Power      Damage    Failure   Level
 Momentum Strike          Conj/Tloc      8%         3d8       65%         2
 Hailstorm                Conj/Ice       4%         3d5       86%         3


Dungeon Overview and Level Annotations

Branches:
Dungeon (2/15) Zot: 10288

Altars:
Cheibriados


Innate Abilities, Weirdness & Mutations

You are immune to poison.
Your flesh is cold resistant. (rC+)
You are immune to negative energy. (rN+++)
You are immune to unholy pain and torment.
You are vulnerable to heat. (rF-)
You are in touch with the powers of death.
You do not drink.
You have a special connection with the divine. (Faith)


Message History

Press: ? - help, Dir - move target, f/p - gnoll
Aim: a gnoll, wielding a +0 spear (almost dead, about 35% to evade your +0 spear)
You reach to attack!
You barely miss the gnoll.
The gnoll is almost dead.
The gnoll hits you but does no damage.
Reach: a) +0 spear
Press: ? - help, Dir - move target, f/p - gnoll
Aim: a gnoll, wielding a +0 spear (almost dead, about 35% to evade your +0 spear)
You reach to attack!
You hit the gnoll but do no damage.
The gnoll is almost dead.
The gnoll hits you from afar with a +0 spear.
Reach: a) +0 spear
Press: ? - help, Dir - move target, f/p - gnoll
Aim: a gnoll, wielding a +0 spear (almost dead, about 35% to evade your +0 spear)
You reach to attack!
You hit the gnoll but do no damage.
The gnoll is almost dead.
The gnoll completely misses you.
Reach: a) +0 spear
Press: ? - help, Dir - move target, f/p - gnoll
Aim: a gnoll, wielding a +0 spear (severely wounded, about 35% to evade your +0 spear)
You reach to attack!
You hit the gnoll.
You kill the gnoll!
Reach: a) +0 spear
Press: ? - help, Dir - move target, f - gnoll
Aim: a gnoll, wielding a +0 whip (about 35% to evade your +0 spear)
You reach to attack!
You hit the gnoll but do no damage.
Reach: a) +0 spear
Press: ? - help, Dir - move target, f/p - gnoll
Aim: a gnoll, wielding a +0 whip (about 35% to evade your +0 spear)
You barely miss the gnoll. You hit the gnoll.
The gnoll is moderately wounded.
The gnoll barely misses you.
You hit the gnoll.
The gnoll is moderately wounded.
The gnoll hits you with a +0 whip.
* * * LOW HITPOINT WARNING * * *
You barely miss the gnoll.
The gnoll is moderately wounded.
The gnoll hits you but does no damage.
Casting: Kiss of Death (safe; 50% risk of failure)
Confirm with . or Enter, or press ? or * to list all spells.
Aiming: Kiss of Death (safe; 50% risk of failure)
Press: ? - help, Shift-Dir - straight line, f/p - gnoll
Aim: a gnoll, wielding a +0 whip (moderately wounded, 100% to hit)
You feel a surge of power!
You miscast Kiss of Death.
You are very lightly contaminated with residual magic.
Nothing appears to happen.
The gnoll hits you with a +0 whip!
You die...

#.........................
##.#.#....####..........#.
#.#.#....####...g...#..#.
#)..#...##.............##
#...#...#####..........##
###...#............#.......
#......................#.##
###......######........#.##
###......#@g)..............
#........######.....##.#...
###..................#.#...
#..#...######........##..
#..#.................##.#
#..#...#######..._......#
#..#...#######.......####
#....................#
#..#...#######....##.####


You could see a gnoll.

Vanquished Creatures
  Robin (D:2)
  2 gnolls (D:2)
  An adder (D:2)
  2 ribbon worms (D:2)
  3 bats
  An endoplasm (D:2)
  9 goblins
  6 hobgoblins
  4 ball pythons
  A frilled lizard (D:2)
  2 kobolds
  5 rats
37 creatures vanquished.

Vanquished Creatures (collateral kills)
  A goblin (D:2)
  A hobgoblin (D:2)
2 creatures vanquished.

Grand Total: 39 creatures vanquished

Notes
Turn   | Place    | Note
-------+----------+-------------------------------------------
     0 | D:1      | Ge0ff the Mummy Reaver began the quest for the Orb.
     0 | D:1      | Reached XP level 1. HP: 16/16 MP: 4/4
   301 | D:1      | Reached XP level 2. HP: 22/22 MP: 5/5
   340 | D:1      | Reached skill level 3 in Polearms
   821 | D:2      | Noticed Robin
   998 | D:2      | Killed Robin
   999 | D:2      | Reached XP level 3. HP: 22/27 MP: 7/7
  1282 | D:2      | Found a snail-covered altar of Cheibriados.
  1683 | D:2      | Reached skill level 4 in Polearms
  1706 | D:2      | Reached XP level 4. HP: 22/33 MP: 8/8
  1723 | D:2      | Slain by a gnoll

Illustrated notes

Levels and vault maps discovered:
D:1:      minmay_arrival_radiant_lines, layout_loops_ring
D:2:      layout_basic, basic_altar, uniq_robin

Skill      XL: |  1  2  3 |
---------------+----------+-----
Polearms       | 3 4 |  4.1
Fighting       | |  2.1
Dodging        | |  1.5
Spellcasting   | |  2.6
Conjurations   | |  2.4

Action                     |  1- 3 |  4- 6 || total
---------------------------+-------+-------++-------
  Melee: Spear             |   148 |    15 ||   163
         Punch             |     4 |       ||     4
    Use: Scroll            |     7 |       ||     7
 Armour: Leather armour    |    22 |       ||    22
         Scale mail        |    40 |     9 ||    49
  Dodge: Dodged            |    56 |     3 ||    59

Table legend: (Time is in decaauts)
 A = Elapsed time spent in this place.
 B = Non-inter-level travel time spent in this place.
 C = Inter-level travel time spent in this place.
 D = Time resting spent in this place.
 E = Time spent auto-exploring this place.
 F = Levels seen in this place.
 G = Mean time per level.
                   A        B        C        D        E       F      G
               +--------+--------+--------+--------+--------+-----+--------+
         Total |   1710 |   1679 |     31 |     27 |   1212 |   2 |  855.0 |
       Dungeon |   1710 |   1679 |     31 |     27 |   1212 |   2 |  855.0 |
               +--------+--------+--------+--------+--------+-----+--------+

Top non-repeatable levels by time:
     D:2: 1018 daAuts
     D:1: 692 daAuts
